 Dungeon Crawl Stone Soup version 0.28-a0-1387-g3a22ab9bdc (webtiles) character file.

Game seed: 16384349791111586173

474 Deminshera the Sneak (level 7, -1/46 HPs)
             Began as an Octopode Brigand on Jan 2, 2022.
             Slain by an ice beast (13 damage)
             ... on level 3 of the Dungeon.
             The game lasted 00:02:08 (2656 turns).

Deminshera the Sneak (Octopode Brigand)             Turns: 2656, Time: 00:02:09

Health: -1/46      AC:  1    Str: 12    XL:     7   Next: 10%
Magic:  7/7        EV: 13    Int: 13    God:
Gold:   78         SH:  0    Dex: 14    Spells: 6/6 levels left

rFire   . . .      SeeInvis .   a - +2 dagger
rCold   . . .      Faith    .   (no shield)
rNeg    . . .      Spirit   .   (helmet restricted)
rPois   .          Reflect  .   (no amulet)
rElec   .          Harm     .   (no ring)
rCorr   .          Rampage  .   (no ring)
Will    .....                   (no ring)
Stlth   ++++......              (no ring)
HPRegen 0.15/turn               (no ring)
MPRegen 0.10/turn               (no ring)
                                (no ring)
                                (no ring)

@: no status effects
A: almost no armour, amphibious, 8 rings, camouflage 1, gelatinous body 1,
(nimble swimmer 1), tentacles
a: no special abilities


You were on level 3 of the Dungeon.
You visited 1 branch of the dungeon, and saw 3 of its levels.

You collected 78 gold pieces.

Inventory:

Hand Weapons
 a - a +2 dagger (weapon)
Missiles
 b - 8 poisoned darts (quivered)
 c - 2 curare-tipped darts
 l - a throwing net
Armour
 r - a +0 buckler
Jewellery
 d - an amulet of faith
 i - a ring of positive energy
Scrolls
 e - a scroll of fear {unknown}
 f - a scroll of noise {unknown}
 g - 4 scrolls of identify {unknown}
 k - a scroll of enchant weapon {unknown}
 o - 3 scrolls of fog {unknown}
 t - a scroll of amnesia {unknown}
Potions
 h - a potion of heal wounds {unknown}
 j - a potion of lignification {unknown}
 m - a potion of brilliance {unknown}
 n - a potion of might {unknown}
 p - a potion of haste {unknown}
 q - a potion of curing
 s - a potion of magic {unknown}


   Skills:
 - Level 3.2 Fighting
 - Level 3.2 Short Blades
 - Level 3.0 Throwing
 - Level 2.6 Dodging
 - Level 6.7 Stealth
 + Level 3.9 Shields


You had 6 spell levels left.
You didn't know any spells.
Your spell library was empty.

Dungeon Overview and Level Annotations

Branches:
Dungeon (3/15)

Altars:


Innate Abilities, Weirdness & Mutations

You cannot wear most types of armour.
You are amphibious.
You can wear up to eight rings at the same time.
Your skin changes colour to match your surroundings (Stealth+).
Your rubbery body absorbs attacks. (AC +1, EV +1)
((You are camouflaged when in or above water. (Stealth+)))
You have tentacles for arms and can constrict up to eight enemies at once.


Message History

You start resting.
HP restored.
You start waiting.
An ice beast comes into view.
An ice beast is nearby!
An ice beast is nearby!
An ice beast is nearby!
A hobgoblin comes into view.
The hobgoblin moves out of view.
The ice beast misses you.
You hit the ice beast but do no damage. The ice beast barely misses you.
The hobgoblin shouts!
You hit the ice beast but do no damage. You closely miss the ice beast.
The ice beast closely misses you.
You hit the ice beast. You squeeze the ice beast!
The ice beast is heavily wounded.
The ice beast closely misses you.
You barely miss the ice beast. Your squeeze misses the ice beast.
The ice beast is heavily wounded.
The ice beast hits you. The ice beast freezes you!
You hit the ice beast.
The ice beast is severely wounded.
The ice beast hits you. The ice beast freezes you!
You are too injured to fight recklessly!
You are too injured to fight recklessly!
You hit the ice beast but do no damage.
The ice beast is severely wounded.
The ice beast misses you.
You hit the ice beast.
The ice beast is almost dead.
You hit the ice beast.
You squeeze the ice beast, but do no damage.
The ice beast is almost dead.
The ice beast closely misses you. The hobgoblin hits you.
You barely miss the ice beast.
The ice beast is almost dead.
The ice beast hits you.
* * * LOW HITPOINT WARNING * * *
The ice beast freezes you!
You die...

..#..####
###........ ####
#.......#
...###..###.....
#.#....# .####
#.....## #.#
########..### #.#
..[.....g.#### #.#
.......@#...†###.#
......Y.####...#.#
........# ###...#
......>.#
##..######
#########
#.......##
##.####..# #..#
##.# ####.#### #.#
#.......# #..


You could see an ice beast and a hobgoblin.

Vanquished Creatures
  Grinder (D:3)
  Sigmund (D:2)
  A gnoll shaman (D:2)
  Jessica (D:2)
  An adder (D:3)
  3 gnolls (D:2)
  A dart slug (D:2)
  An orc (D:3)
  2 endoplasms
  A giant cockroach (D:2)
  A goblin (D:2)
  4 hobgoblins
  4 jackals (D:1)
  A quokka (D:3)
  A ball python (D:2)
  6 bats
  2 frilled lizards
  A kobold (D:1)
  2 rats (D:2)
35 creatures vanquished.

Notes
Turn   | Place    | Note
-------+----------+-------------------------------------------
     0 | D:1      | Deminshera the Octopode Brigand began the quest for the
                  | Orb.
     0 | D:1      | Reached XP level 1. HP: 14/14 MP: 1/1
   431 | D:1      | Reached XP level 2. HP: 15/19 MP: 2/2
   910 | D:2      | Reached XP level 3. HP: 19/25 MP: 3/3
   916 | D:2      | Reached XP level 4. HP: 16/30 MP: 4/4
  1317 | D:2      | Noticed Sigmund
  1324 | D:2      | Killed Sigmund
  1325 | D:2      | Reached skill level 6 in Stealth
  1325 | D:2      | Reached XP level 5. HP: 36/36 MP: 5/5
  1325 | D:2      | Reached XP level 6. HP: 42/42 MP: 6/6
  1711 | D:2      | Noticed Jessica
  1727 | D:2      | Killed Jessica
  1728 | D:2      | Reached skill level 1 in Shields
  2083 | D:3      | Noticed Grinder
  2105 | D:3      | Killed Grinder
  2106 | D:3      | Reached XP level 7. HP: 10/46 MP: 7/7
  2656 | D:3      | Slain by an ice beast

Illustrated notes

Levels and vault maps discovered:
D:1:      saegor_arrival_simple_e, layout_basic
D:2:      layout_basic, hangedman_feature_mirror, uniq_sigmund, uniq_jessica
D:3:      layout_rooms, ebering_ecumenical_altar_sacrificial, uniq_grinder

Skill      XL: |  1  2  3  4  5  6 |
---------------+-------------------+-----
Fighting       | 3 |  3.2
Short Blades   | 3 |  3.2
Throwing       | 3 |  3.0
Dodging        | 2 |  2.6
Stealth        | 6 |  6.7
Shields        | 3 |  3.9

Action                   |  1- 3 |  4- 6 |  7- 9 || total
-------------------------+-------+-------+-------++-------
Melee: Dagger            |    31 |    39 |    22 ||    92
       Constrict         |     8 |    11 |     4 ||    23
       Tentacles         |     9 |     7 |     6 ||    22
  Use: Potion            |       |     1 |       ||     1
 Stab: Sleeping          |     4 |     6 |       ||    10
Armor: Skin              |     1 |     3 |     2 ||     6
Dodge: Dodged            |    20 |    24 |    17 ||    61

Table legend: (Time is in decaauts)
 A = Elapsed time spent in this place.
 B = Non-inter-level travel time spent in this place.
 C = Inter-level travel time spent in this place.
 D = Time resting spent in this place.
 E = Time spent auto-exploring this place.
 F = Levels seen in this place.
 G = Mean time per level.
                   A        B        C        D        E       F      G
               +--------+--------+--------+--------+--------+-----+--------+
         Total |   2642 |   2572 |     70 |   1041 |   1260 |   3 |  880.7 |
       Dungeon |   2642 |   2572 |     70 |   1041 |   1260 |   3 |  880.7 |
               +--------+--------+--------+--------+--------+-----+--------+

Top non-repeatable levels by time:
     D:2: 1147 daAuts
     D:1: 901 daAuts
     D:3: 593 daAuts
